 Dungeon Crawl Stone Soup version 0.28-a0-1510-gd0f6b136d3 (webtiles) character file.

Game seed: 2257995884363011556

1782 gilleain the Bolt Thrower (level 8, -10/75 HPs)
             Began as a Troll Hunter on Jan 14, 2022.
             Was a Believer of Kikubaaqudgha.
             Mangled by Harold (25 damage)
             ... on level 7 of the Dungeon.
             The game lasted 02:17:52 (5095 turns).

gilleain the Bolt Thrower (Troll Hunter)            Turns: 5095, Time: 02:17:53

Health: -10/75     AC:  4    Str: 21    XL:     8   Next: 81%
Magic:  0/7        EV: 10    Int:  7    God:    Kikubaaqudgha [**....]
Gold:   238        SH:  0    Dex: 12    Spells: 6/7 levels left

rFire   + . .      SeeInvis .   I - +0 dire flail
rCold   . . .      Faith    .   (shield currently unavailable)
rNeg    . . .      Spirit   +   c - +0 robe
rPois   .          Reflect  .   (helmet restricted)
rElec   .          Harm     .   (no cloak)
rCorr   .          Rampage  .   (gloves unavailable)
Will    .....                   (boots unavailable)
Stlth   ++........              F - amulet of guardian spirit
HPRegen 1.02/turn               o - ring of protection from fire
MPRegen 0.10/turn               (no ring)

@: marked
A: large, unfitting armour, claws 3, regeneration 1, shaggy fur 1, tough skin 1
a: Renounce Religion, Receive Corpses


You were on level 7 of the Dungeon.
You worshipped Kikubaaqudgha.
Kikubaaqudgha was pleased with you.
You visited 2 branches of the dungeon, and saw 8 of its levels.

You collected 314 gold pieces.
You spent 76 gold pieces at shops.

Inventory:

Hand Weapons
 a - a +1 hand crossbow
 b - a +0 hunting sling of freezing
 g - a +2 dagger of flaming
 t - a +0 falchion of protection
 x - a +0 war axe of flaming
 B - the +7 hand axe of the Equator {protect, rF+ Dex+4}
   (You found it on level 4 of the Dungeon)

   It grants its wielder temporary protection when it strikes (+7 to AC).
   Dex:       It affects your dexterity (+4).
   rF:        It protects you from fire.
 I - a +0 dire flail (weapon)
 J - a +1 dagger of venom
Missiles
 d - 26 bolts
 h - 3 javelins (quivered)
 l - 5 poisoned darts
 p - 92 stones
 y - 45 sling bullets
Armour
 c - a +0 robe (worn)
Jewellery
 o - a ring of protection from fire (left claw)
 F - an amulet of guardian spirit (around neck)
Wands
 k - a wand of polymorph (11)
 K - a wand of flame (17)
Scrolls
 f - 2 scrolls of summoning
 i - a scroll of fear
 q - a scroll of brand weapon
 u - a scroll of holy word {unknown}
 v - 3 scrolls of blinking
 z - a scroll of teleportation {unknown}
 C - a scroll of vulnerability {unknown}
 E - a scroll of fog {unknown}
 H - a scroll of enchant weapon {unknown}
Potions
 e - 2 potions of brilliance {unknown}
 j - 3 potions of lignification
 m - 2 potions of attraction {unknown}
 n - 3 potions of curing
 r - a potion of resistance {unknown}
 s - a potion of ambrosia {unknown}
 w - a potion of heal wounds
 A - a potion of degeneration {unknown}
 D - a potion of invisibility {unknown}
 G - a potion of might {unknown}


   Skills:
 + Level 3.4 Fighting
 + Level 1.0(2.4) Short Blades
 * Level 3.4(3.5) Long Blades
 + Level 3.6 Axes
 + Level 2.1 Slings
 * Level 5.2 Crossbows
 + Level 3.1 Dodging
 + Level 1.2 Stealth
 + Level 0.1 Necromancy


You had 6 spell levels left.
You knew the following spells:

 Your Spells              Type           Power      Damage    Failure   Level
a - Animate Skeleton      Necr           0%         N/A       41%         1

Your spell library contained the following spells:

 Spells                   Type           Power      Damage    Failure   Level
 Pain                     Necr           0%         1d4       41%         1
 Corpse Rot               Necr/Air       0%         N/A       56%         2
 Ensorcelled Hibernation  Hex/Ice        0%         N/A       56%         2
 Passwall                 Tmut/Erth      0%         N/A       56%         2
 Sublimation of Blood     Necr           0%         N/A       56%         2
 Lesser Beckoning         Tloc           0%         N/A       80%         3
 Swiftness                Air            0%         N/A       80%         3
 Teleport Other           Tloc           0%         N/A       80%         3
 Dispel Undead            Necr           0%         3d6       99%         4
 Agony                    Necr           0%         N/A       100%        5
 Death Channel            Necr           0%         N/A       100%        6


Dungeon Overview and Level Annotations

Branches:
Dungeon (7/15)             Temple (1/1) D:5

Altars:
Ashenzari
Cheibriados
Dithmenos
Elyvilon
Fedhas
Gozag
Hepliaklqana
Kikubaaqudgha
Nemelex Xobeh
Okawaru
Qazlal
Ru
Sif Muna
Trog
Uskayaw
Vehumet
Wu Jian
Xom
Yredelemnul
The Shining One

Shops:
D:2 *   D:3 *((

Annotations:
D:7 Harold


Innate Abilities, Weirdness & Mutations

You are too large for most types of armour.
You have claws for hands.
Your natural rate of healing is unusually fast.
You are covered in fur. (AC +1)
You have tough skin. (AC +1)


Message History

Harold hits you with a +0 long sword!
You hit Harold but do no damage.
Harold is moderately wounded.
Harold barely misses you.
You hit Harold.
Harold is moderately wounded.
Harold closely misses you.
You completely miss Harold.
Harold is moderately wounded.
Harold casts a spell at you. The mark upon you grows brighter.
You hit Harold but do no damage.
Harold is moderately wounded.
Harold hits you with a +0 long sword.
You hit Harold.
Harold is heavily wounded.
Harold barely misses you. Harold hits you with a +0 long sword!
The +7 hand axe of the Equator {protect, rF+ Dex+4} goes still.
I - a +0 dire flail (weapon)
You hit Harold.
Harold is heavily wounded.
Harold hits you with a +0 long sword!
* * * LOW HITPOINT WARNING * * *
You feel much better. Harold hits you with a +0 long sword!
You barely miss Harold.
Harold is heavily wounded.
Harold barely misses you.
You hit Harold but do no damage.
Harold is heavily wounded.
Harold hits you with a +0 long sword. Harold hits you with a +0 long sword!!
* * * LOW HITPOINT WARNING * * *
Aiming: Polymorph
Press: ? - help, Shift-Dir - straight line, f/p - Harold
Aim: Harold, wielding a +0 long sword, wearing a +0 scale mail and quivering 2 throwing nets (heavily wounded, will become a meliai, a yaktaur, or a two-headed ogre, chance to affect: 17%)
Okay, then.
You hit Harold.
Harold is heavily wounded.
Harold hits you with a +0 long sword!!
You die...
Kikubaaqudgha rasps: "You have failed me!
Welcome... death!"

#. .# #...# #....
#...# #... #...###
######.### #.....###
#........# #........
#<.......# #.......#
#........####......>#
#...................#
#........####@@.....(
#........# #.........
#........# #.........
#........# #.........
#........# #.........
#........# #.........
######.### ##........
#.# #........ #.#


You could see Harold.

Vanquished Creatures
  2 water moccasins
  An orc warrior (D:6)
  An ice beast (D:6)
  A necrophage (D:6)
  2 ogres
  2 scorpions (D:5)
  A wyvern zombie (D:5)
  A water moccasin skeleton (D:5)
  3 centaur skeletons
  A centaur zombie (D:6)
  3 orc priests
  5 hounds
  An iron imp (D:3)
  4 iguanas
  3 orc wizards
  A howler monkey zombie (D:6)
  Robin (D:2)
  11 adders
  3 white imps
  An ufetubus (D:6)
  2 worms
  5 dart slugs
  23 orcs
  7 bats
  7 endoplasms
  5 giant cockroaches
  16 goblins
  9 hobgoblins
  8 jackals
  8 kobolds
  A quokka (D:1)
  8 ball pythons
  2 frilled lizards (D:3)
  6 rats
155 creatures vanquished.

Vanquished Creatures (others)
  An orc wizard (D:5)
  A plant (D:5)
2 creatures vanquished.

Grand Total: 157 creatures vanquished

Notes
Turn   | Place    | Note
-------+----------+-------------------------------------------
     0 | D:1      | gilleain the Troll Hunter began the quest for the Orb.
     0 | D:1      | Reached XP level 1. HP: 19/19 MP: 0/0
   145 | D:1      | Reached skill level 3 in Crossbows
   145 | D:1      | Reached XP level 2. HP: 27/27 MP: 1/1
   340 | D:1      | Reached XP level 3. HP: 35/35 MP: 2/2
   817 | D:2      | Found a faded altar of an unknown god.
  1086 | D:2      | Found Xohavam's General Store.
  1102 | D:2      | Bought a scroll of identify for 20 gold pieces
  1193 | D:2      | Reached XP level 4. HP: 42/42 MP: 3/3
  1287 | D:2      | Noticed Robin
  1316 | D:2      | Killed Robin
  1442 | D:2      | Reached XP level 5. HP: 44/49 MP: 4/4
  1581 | D:3      | Found a snail-covered altar of Cheibriados.
  1590 | D:3      | Reached skill level 1 in Long Blades
  1590 | D:3      | Reached skill level 4 in Crossbows
  1839 | D:3      | Found Ixoimyn's Weapon Shoppe.
  1844 | D:3      | Noticed an ogre
  1961 | D:3      | Found Pafix's Weapon Shop.
  1999 | D:3      | Bought a +0 hunting sling of freezing for 56 gold pieces
  2067 | D:3      | Found Xanger's General Store.
  2157 | D:3      | Reached XP level 6. HP: 57/57 MP: 5/5
  2269 | D:3      | Found a white marble altar of Elyvilon.
  2390 | D:3      | Reached skill level 1 in Short Blades
  2688 | D:2      | Prayed at the altar of an unknown god.
  2688 | D:2      | Became a worshipper of Kikubaaqudgha
  2688 | D:2      | Reached * piety under Kikubaaqudgha
  2688 | D:2      | Received a gift from Kikubaaqudgha
  3054 | D:4      | Identified the +7 hand axe of the Equator {protect, rF+
                  | Dex+4}
  3405 | D:5      | Entered Level 5 of the Dungeon
  3418 | D:5      | Reached XP level 7. HP: 58/66 MP: 6/6
  3428 | D:5      | Learned a level 1 spell: Animate Skeleton
  3468 | D:5      | Got the Catalogue of Dislocated Necromancy
  3513 | D:5      | Reached skill level 1 in Axes
  3516 | D:5      | Found an ornate altar of the Wu Jian Council.
  3520 | D:5      | Found a stormy altar of Qazlal.
  3617 | D:5      | Reached skill level 1 in Slings
  3723 | D:5      | Reached ** piety under Kikubaaqudgha
  3728 | D:5      | Reached skill level 1 in Stealth
  3968 | D:5      | Reached XP level 8. HP: 56/74 MP: 7/7
  4003 | D:5      | Found a staircase to the Ecumenical Temple.
  4015 | D:5      | Reached skill level 5 in Crossbows
  4064 | Temple   | Entered the Ecumenical Temple
  4188 | D:6      | Found a sparkling altar of Nemelex Xobeh.
  5069 | D:7      | Noticed Harold
  5095 | D:7      | Mangled by Harold

Illustrated notes

Levels and vault maps discovered:
D:1:      enne_arrival_octagon_isle, layout_basic, minivault_4,
          nicolae_wormholes
D:2:      layout_rooms, nicolae_ecumenical_pavilion, serial_shops,
          nicolae_shop_hallway_stairs, minmay_misc_feat_cross,
          minmay_snake_closets, uniq_robin
D:3:      minmay_angry_zag, layout_loops_corners, general_overflow_altar,
          slow_altar_1, serial_shops, nicolae_lakefront_shop,
          nicolae_shop_bloodbath_and_beyond, nicolae_square_shop,
          hangedman_decor_growths
D:4:      layout_basic
D:5:      layout_basic, jmf_multi_god_temple, minmay_temple_entry_overgrown
D:6:      layout_basic, mainiacjoe_overflow_paths
D:7:      layout_rooms, serial_glass, glass_columns_b, glass_columns_a,
          uniq_joseph, uniq_harold
Temple:   minmay_freezing_vapour_temple

Skill      XL: |  1  2  3  4  5  6  7  8 |
---------------+-------------------------+-----
Crossbows      | 3 4 5 |  5.2
Fighting       | 2 3 |  3.4
Dodging        | 2 3 |  3.1
Long Blades    | 1 2 3 |  3.4
Short Blades   | 1 |  1.0
Axes           | 2 3 |  3.6
Slings         | 1 2 |  2.1
Stealth        | 1 |  1.2
Necromancy     | |  0.1

Action                   |  1- 3 |  4- 6 |  7- 9 || total
-------------------------+-------+-------+-------++-------
Melee: Short sword       |    21 |       |       ||    21
       Dagger            |    22 |    67 |    10 ||    99
       Falchion          |       |    23 |       ||    23
       Punch             |       |     2 |     2 ||     4
       War axe           |       |    34 |    72 ||   106
       Hand axe          |       |     4 |   107 ||   111
       Dire flail        |       |       |     4 ||     4
 Fire: Hand crossbow     |    60 |    46 |    10 ||   116
       Hunting sling     |       |    15 |    37 ||    52
Throw: Javelin           |       |     7 |     6 ||    13
 Cast: Animate Skeleton  |       |       |     1 ||     1
  Use: Scroll            |       |     2 |     6 ||     8
       Potion            |       |       |     1 ||     1
 Stab: Sleeping          |       |     5 |       ||     5
Armor: Robe              |    20 |    47 |    94 ||   161
Dodge: Dodged            |    27 |    71 |   125 ||   223

Table legend: (Time is in decaauts)
 A = Elapsed time spent in this place.
 B = Non-inter-level travel time spent in this place.
 C = Inter-level travel time spent in this place.
 D = Time resting spent in this place.
 E = Time spent auto-exploring this place.
 F = Levels seen in this place.
 G = Mean time per level.
                   A        B        C        D        E       F      G
               +--------+--------+--------+--------+--------+-----+--------+
         Total |   5172 |   1400 |   3772 |      0 |      0 |   8 |  646.5 |
       Dungeon |   5135 |   1398 |   3737 |      0 |      0 |   7 |  733.6 |
        Temple |     37 |      2 |     35 |      0 |      0 |   1 |   37.0 |
               +--------+--------+--------+--------+--------+-----+--------+

Top non-repeatable levels by time:
     D:3: 1120 daAuts
     D:1: 894 daAuts
     D:6: 857 daAuts
     D:2: 848 daAuts
     D:5: 782 daAuts
     D:4: 584 daAuts
     D:7: 46 daAuts
  Temple: 37 daAuts
